 Dungeon Crawl Stone Soup version 0.20-a0-640-g62ed22f (webtiles) character file.

2890 polly the Blocker (level 10, -2/76 HPs)
             Began as a Formicid Fighter on Feb 12, 2017.
             Was an Elder of Okawaru.
             Killed from afar by a smoke demon (23 damage)
             ... with a ball of steam
             ... on level 1 of the Abyss.
             The game lasted 00:08:24 (7631 turns).

polly the Blocker (Formicid Fighter)                Turns: 7631, Time: 00:08:24

Health: -2/76      AC: 18    Str: 23    XL:     10   Next: 5%
Magic:  10/10      EV:  5    Int:  8    God:    Okawaru [****..]
Gold:   457        SH: 11    Dex: 11    Spells: 9/9 levels left

rFire    . . .     SeeInvis +   a - +0 war axe
rCold    + . .     Gourm    .   E - +0 crystal plate armour
rNeg     . . .     Faith    .   c - +0 shield
rPois    .         Spirit   .   (helmet unavailable)
rElec    .         Reflect  .   t - scarf {repulsion}
rCorr    .         Harm     .   (no gloves)
MR       +....                  (no boots)
Stlth    ..........             (no amulet)
Regen    0.3/turn               z - ring of protection from cold
MPRegen  0.2/turn               n - ring of flight

@: repel missiles
A: permanent stasis, dig shafts and tunnels, four strong arms, antennae 3
a: Dig, Shaft Self, Heroism, Renounce Religion, Evoke Flight


You were on level 1 of the Abyss.
You worshipped Okawaru.
Okawaru was greatly pleased with you.
You were very hungry.

You visited 2 branches of the dungeon, and saw 9 of its levels.
You visited the Abyss 1 time.

You collected 457 gold pieces.

Inventory:

Hand Weapons
 a - a +0 war axe (weapon)
Missiles
 I - 3 silver javelins (quivered)
Armour
 c - a +0 shield (worn)
 t - a scarf of repulsion (worn)
 E - a +0 crystal plate armour (worn)
Jewellery
 n - a ring of flight (left hand)
 z - a ring of protection from cold (right hand)
 L - an uncursed ring of protection from fire {unknown}
 M - a +3 ring of intelligence {unknown}
Wands
 G - a wand of disintegration (11/24)
 K - a wand of flame (21/48)
Scrolls
 b - 2 scrolls of recharging {unknown}
 e - 4 scrolls of remove curse {unknown}
 g - 2 scrolls of fear {unknown}
 h - 2 scrolls of enchant armour {unknown}
 i - 14 scrolls of identify {unknown}
 j - 2 scrolls of amnesia {unknown}
 l - 4 scrolls of teleportation {unknown}
 u - 2 scrolls of random uselessness {unknown}
 v - 3 scrolls of noise {unknown}
 y - a scroll of enchant weapon {unknown}
 A - a scroll of blinking {unknown}
 C - 3 scrolls of immolation {unknown}
 D - a scroll of fog {unknown}
Potions
 d - a potion of invisibility {unknown}
 m - a potion of curing
 p - 3 potions of resistance {unknown}
 q - 4 potions of heal wounds {unknown}
 r - a potion of degeneration {unknown}
 w - a potion of might
 x - 2 potions of berserk rage {unknown}
 F - a potion of haste {unknown}
 H - a potion of agility
 N - a potion of magic {unknown}
Books
 s - a book of Cantrips

   Spells                             Type                      Level
   a - Confusing Touch                Hexes                        1
   b - Animate Skeleton               Necromancy                   1
   c - Summon Small Mammal            Summoning                    1
   d - Apportation                    Translocation                1
 B - a book of Maledictions

   Spells                             Type                      Level
   a - Corona                         Hexes                        1
   b - Ensorcelled Hibernation        Hexes/Ice                    2
   c - Confuse                        Hexes                        3
   d - Tukima's Dance                 Hexes                        3
   e - Dazzling Spray                 Conjuration/Hexes            3
 J - a book of Flames

   Spells                             Type                      Level
   a - Flame Tongue                   Conjuration/Fire             1
   b - Throw Flame                    Conjuration/Fire             2
   c - Conjure Flame                  Conjuration/Fire             3
   d - Inner Flame                    Hexes/Fire                   3
   e - Sticky Flame                   Conjuration/Fire             4
   f - Fireball                       Conjuration/Fire             5
Comestibles
 f - 5 bread rations
 k - 4 meat rations
 o - a royal jelly


   Skills:
 + Level 5.9 Fighting
 + Level 8.2 Axes
 * Level 7.5 Armour
 + Level 2.0 Dodging
 - Level 1.6 Stealth
 * Level 8.7 Shields


You had 9 spell levels left.
You didn't know any spells.

Dungeon Overview and Level Annotations

Branches:
Dungeon (8/15)             Temple (1/1) D:4
   Lair: D:8-11

Altars:
Ashenzari
Cheibriados
Dithmenos
Elyvilon
Fedhas
Gozag
Hepliaklqana
Kikubaaqudgha
Makhleb
Nemelex Xobeh
Okawaru
Qazlal
Ru
Sif Muna
Trog
Uskayaw
Vehumet
Xom
Yredelemnul
Zin
The Shining One

Shops:
D:8 %

Annotations:
D:7 Prince Ribbit
D:8 Psyche


Innate Abilities, Weirdness & Mutations

You cannot be hasted, slowed, berserked, paralysed or teleported.
You can dig through walls and to a lower floor.
Your four strong arms can wield two-handed weapons with a shield.
You have a pair of large antennae on your head. (SInv)


Message History

Psyche seems to speed up.
The phantom hits you but does no damage.
You gain the combat prowess of a mighty hero.
Psyche hits you but does no damage. Space warps horribly around you!
The phantom blinks!
Psyche hits you but does no damage.
You are cast into the Abyss!
To return, you must find a gate leading back.
Killing monsters will force the Abyss to allow you passage.
This branch contains the abyssal rune of Zot.
Beware, you cannot shaft yourself on this level.
Found a corrupted altar of Lugonu.
You feel like a meek peon again.
The smoke demon roars!
The smoke demon gestures at you. The ball of steam hits you!
* * * LOW HITPOINT WARNING * * *
You are engulfed in a cloud of scalding steam.
The smoke demon gestures at you. The ball of steam hits you!
You die...

. . ..................
.. ... ............#..
..###..................
. ...#.....3.......
..#.............
#######..#......###+
........#§......#
.....#..§.#.....#
.......@........'.
................#..
.......##########..
....... ....... .......
####+##


There were no monsters in sight!

Vanquished Creatures
  The ghost of brknglss the Cudgeler, a novice DDFi (D:6)
  Pikel (D:5)
  Grinder (D:5)
  Sigmund (D:3)
  Eustachio (D:4)
  An orc warrior (D:7)
  A slave (D:5)
  A black bear (D:6)
  A phantom (D:8)
  2 ogres (D:6)
  2 bullfrogs (D:7)
  2 scorpions
  4 wights (D:7)
  A crimson imp (D:5)
  2 jellies
  A centaur skeleton (D:7)
  2 hounds (D:4)
  A bullfrog skeleton (D:7)
  2 orc priests
  3 orc wizards
  An iguana (D:4)
  4 worker ants
  A hound skeleton (D:7)
  A howler monkey skeleton (D:6)
  5 adders
  2 oozes
  An adder skeleton (D:4)
  2 worms (D:2)
  The ghost of BaeHunterZ the Poker, a weakling HuBe of Trog (D:3)
  A dart slug (D:2)
  5 leopard geckos
  16 orcs
  6 giant cockroaches
  10 goblins
  5 hobgoblins
  4 jackals (D:8)
  3 quokkas
  2 ball pythons
  9 bats
  3 frilled lizards
  A giant cockroach zombie (D:6)
  7 kobolds
  7 rats
128 creatures vanquished.

Vanquished Creatures (others)
  3 slaves (D:5)
  An iguana (D:5)
4 creatures vanquished.

Grand Total: 132 creatures vanquished

Notes
Turn   | Place    | Note
-------+----------+-------------------------------------------
     0 | D:1      | polly the Formicid Fighter began the quest for the Orb.
     0 | D:1      | Reached XP level 1. HP: 18/18 MP: 1/1
   365 | D:1      | Reached XP level 2. HP: 21/24 MP: 2/2
   549 | D:1      | Reached XP level 3. HP: 25/29 MP: 3/3
  1089 | D:2      | Found a deep blue altar of Sif Muna.
  1146 | D:2      | Reached XP level 4. HP: 35/37 MP: 4/4
  1426 | D:3      | Noticed BaeHunterZ's ghost (weakling HuBe)
  1444 | D:3      | Reached XP level 5. HP: 13/42 MP: 5/5
  1452 | D:3      | Killed BaeHunterZ's ghost
  2084 | D:3      | Noticed Sigmund
  2103 | D:3      | Killed Sigmund
  2103 | D:3      | Reached XP level 6. HP: 22/48 MP: 6/6
  2386 | D:3      | Reached skill level 5 in Shields
  2741 | D:3      | Noticed a fire elemental
  2743 | D:3      | Found a stormy altar of Qazlal.
  2744 | D:3      | Noticed an air elemental
  2744 | D:3      | Noticed a water elemental
  2916 | D:4      | Reached skill level 1 in Stealth
  2938 | D:4      | Found a staircase to the Ecumenical Temple.
  2950 | Temple   | Entered the Ecumenical Temple
  3114 | Temple   | Became a worshipper of Warmaster Okawaru
  3239 | D:4      | Reached XP level 7. HP: 49/54 MP: 7/7
  3412 | D:4      | Reached skill level 5 in Armour
  3547 | D:4      | Noticed Eustachio
  3562 | D:4      | Killed Eustachio
  3666 | D:4      | Reached skill level 5 in Axes
  3786 | D:4      | Reached * piety under Okawaru
  4032 | D:5      | Entered Level 5 of the Dungeon
  4067 | D:5      | Noticed Pikel
  4122 | D:5      | Killed Pikel
  4122 | D:5      | Reached ** piety under Okawaru
  4122 | D:5      | Reached skill level 1 in Dodging
  4122 | D:5      | Reached XP level 8. HP: 17/61 MP: 8/8
  4508 | D:5      | Noticed Grinder
  4528 | D:5      | Killed Grinder
  4528 | D:5      | Reached XP level 9. HP: 28/67 MP: 9/9
  5364 | D:6      | Noticed brknglss's ghost (novice DDFi)
  5418 | D:6      | Killed brknglss's ghost
  5418 | D:6      | Reached *** piety under Okawaru
  5418 | D:6      | Reached skill level 5 in Fighting
  5567 | D:6      | Found a white marble altar of Elyvilon.
  6355 | D:7      | Reached **** piety under Okawaru
  6874 | D:7      | Received a gift from Okawaru
  6874 | D:7      | Reached XP level 10. HP: 71/76 MP: 10/10
  6965 | D:7      | Noticed Prince Ribbit
  7529 | D:8      | Found Aqunem's Food Emporium.
  7605 | D:8      | Noticed Psyche
  7615 | D:8      | Cast into level 1 of the Abyss (Psyche)
  7616 | Abyss:1  | Found a corrupted altar of Lugonu.
  7624 | Abyss:1  | Noticed a smoke demon
  7631 | Abyss:1  | Killed from afar by a smoke demon

Vault maps used:
D:1:      dpeg_arrival_castle
D:2:      lemuel_blue_sif_altar
D:3:      first_bread, nicolae_qazlal_style_of_elements, uniq_sigmund
D:4:      minmay_temple_entry_mist, uniq_eustachio
D:5:      uniq_grinder, uniq_pikel
D:6:      basic_altar, kennysheep_generic_room_10
D:7:      uniq_prince_ribbit1
D:8:      cheibrodos_quashed, serial_shops, shop_statue, uniq_psyche
Temple:   roderic_octagonal_lattice_temple

Skill      XL: |  1  2  3  4  5  6  7  8  9 |
---------------+----------------------------+-----
Shields        | 4 5 6 7 8 |  8.7
Axes           | 3 4 6 8 |  8.2
Fighting       | 4 5 |  5.9
Armour         | 4 5 7 |  7.5
Stealth        | 1 |  1.6
Dodging        | 1 2 |  2.0

Action                   |  1- 3 |  4- 6 |  7- 9 | 10-12 || total
-------------------------+-------+-------+-------+-------++-------
Melee: War axe           |   107 |   126 |   336 |    59 ||   628
Invok: Heroism           |       |       |       |     1 ||     1
  Use: Potion            |       |     2 |     3 |       ||     5
  Eat: Chunk             |     1 |     4 |    10 |     2 ||    17
       Royal jelly       |       |     1 |     1 |       ||     2
Armor: Scale mail        |    33 |    39 |    36 |       ||   108
       Crystal plate arm |       |       |    76 |    23 ||    99
Dodge: Dodged            |    29 |    50 |    66 |    14 ||   159
Block: Shield            |    70 |    75 |   167 |    33 ||   345
